 Dungeon Crawl Stone Soup version bcrawl-1.28 (webtiles) character file.

Game seed: 2897794704860512535

306085 Baz the Protected (level 10, -11/68 HPs)
             Began as a Gnoll Wanderer on Nov 18, 2020.
             Was a Follower of Hepliaklqana.
             Killed from afar by Harold (30 damage)
             ... with a bolt of fire
             ... on level 8 of the Dungeon.
             The game lasted 00:16:54 (7606 turns).

Baz the Protected (Gnoll Wanderer)                  Turns: 7606, Time: 00:16:54

Health: -11/68     AC:  6    Str: 15    XL:     10   Next: 33%
Magic:  26/26      EV: 15    Int: 15    God:    Hepliaklqana [*.....]
Gold:   711        SH:  0    Dex: 17    Spells: 19/19 levels left

rFire    . . .     SeeInvis .   B - +0 dagger (elec)
rCold    . . .     Gourm    .   (no shield)
rNeg     . . .     Faith    .   s - +0 troll leather armour
rPois    .         Spirit   .   (no helmet)
rElec    .         Reflect  .   (no cloak)
rCorr    .         Harm     .   (no gloves)
MR       .....                  x - +0 pair of boots
Stlth    +++.......             (no amulet)
HPRegen  0.61/turn              E - ring of magical power
MPRegen  0.20/turn              (no ring)

@: no status effects
A: distributed training, reduced essence, fangs 1, strong nose
a: Recall Ancestor, Ancestor Identity, Renounce Religion


You were on level 8 of the Dungeon.
You worshipped Hepliaklqana.
Hepliaklqana was aware of your devotion.
You were very hungry.

You visited 2 branches of the dungeon, and saw 9 of its levels.

You collected 711 gold pieces.

Inventory:

Hand Weapons
 d - a +1 flail of crushing
 m - a +0 dagger of venom
 B - a +0 dagger of electrocution (weapon)
Missiles
 f - 1407 stones (quivered)
 h - 79 poisoned needles
 q - 15 curare-tipped needles
Armour
 b - a +0 ring mail
 l - a scarf of stasis
 s - a +0 troll leather armour (worn)
 x - a +0 pair of boots (worn)
Jewellery
 a - the ring "Pusejegh" {-Tele rF++ Stlth--}
   (You found it on level 6 of the Dungeon)

   [ring of attention]

   It greatly protects you from fire.
   It prevents most forms of teleportation.
   It makes you much less stealthy.
 E - a ring of magical power (left hand)
 H - an uncursed amulet of guardian spirit
Wands
 g - a wand of flame (15)
 y - a wand of polymorph (7)
 J - a wand of acid (7)
Scrolls
 j - 4 scrolls of remove curse
 n - 2 scrolls of amnesia
 r - 4 scrolls of identify
 t - a scroll of fear
 C - a scroll of vulnerability {unknown}
 F - a scroll of silence {unknown}
Potions
 c - a potion of berserk rage
 i - 2 potions of might
 k - a potion of resistance
 o - 5 potions of curing {unknown}
 p - 2 potions of degeneration {unknown}
 v - a potion of mutation {unknown}
 w - a potion of brilliance {unknown}
 z - 4 potions of haste {unknown}
 A - a potion of lignification {unknown}
 D - a potion of cancellation {unknown}
 I - 2 potions of ambrosia {unknown}
Comestibles
 e - 12 rations {!d}


   Skills:
 + Level 5.7 Fighting
 + Level 5.1 Short Blades
 + Level 5.1 Long Blades
 + Level 6.9 Axes
 + Level 6.9 Maces & Flails
 + Level 5.1 Polearms
 + Level 5.1 Staves
 + Level 5.1 Slings
 + Level 5.1 Bows
 + Level 5.1 Crossbows
 + Level 5.1 Throwing
 + Level 8.4 Armour
 + Level 5.1 Dodging
 + Level 6.9 Stealth
 + Level 5.1 Shields
 + Level 5.1 Unarmed Combat
 + Level 5.1 Spellcasting
 + Level 4.2 Conjurations
 + Level 4.2 Hexes
 + Level 4.2 Charms
 + Level 4.2 Summonings
 + Level 4.2 Necromancy
 + Level 4.2 Translocations
 + Level 4.2 Transmutations
 + Level 4.2 Fire Magic
 + Level 4.2 Ice Magic
 + Level 4.2 Air Magic
 + Level 4.2 Earth Magic
 + Level 4.2 Poison Magic
 + Level 5.6 Invocations
 + Level 5.1 Evocations


You had 19 spell levels left.
You didn't know any spells.
Your spell library was empty.

Dungeon Overview and Level Annotations

Branches:
Dungeon (8/12)             Temple (1/1) D:5
   Lair: D:7-9          Orc: D:8-11

Altars:
Ashenzari
Cheibriados
Dithmenos
Fedhas
Gozag
Hepliaklqana
Kikubaaqudgha
Lugonu
Makhleb
Nemelex Xobeh
Okawaru
Ru
Sif Muna
Trog
Uskayaw
Vehumet
Wu Jian
Xom
Yredelemnul
Zin
The Shining One

Shops:
D:5 =*(   D:7 [

Annotations:
D:2 1 runed door
D:3 1 runed translucent door, cccccccc's ghost, amateur MiAc
D:7 3 runed translucent doors, wpisznazwe's ghost, novice SDSk
D:8 Harold; Prince Ribbit


Innate Abilities, Weirdness & Mutations

Your experience applies equally to all skills.
You have very sharp teeth.
Your uncanny sense of smell can sniff out nearby items.
Your life essence is reduced to manifest your ancestor. (-10% HP)


Message History

Snnnck.
Wield which item (- for none, * to show all)? (? for menu, Esc to quit)
Your +0 dagger of venom stops dripping with poison.
You hear the crackle of electricity.
B - a +0 dagger of electrocution (weapon)
You are feeling very hungry.
Harold blocks your attack.
You bite Harold, but do no damage.
Harold is severely wounded.
Harold hits you with a +0 trident of piercing!
* * * LOW HITPOINT WARNING * * *
x2 The wight misses you.
No path to travel!
Harold blocks your attack.
Harold is severely wounded.
No path to travel!
You hit Harold. Lightning courses through Harold!!
Harold is almost dead.
Harold gestures at you while chanting. The bolt of fire hits you!!
You die...

##### .. #...# . .
##..=# .$#.
##....## .....
##......#
.....#####.....?.#
#....?#.#....#z..#
#.......z..###..##
#..........##.@.#
#......_...##@.##
..........##..##
...........#..
..............
......S.......
.....>........#
............###


You could see Harold and a wight.

Vanquished Creatures
  Grinder (D:4)
  A basilisk (D:7)
  2 hungry ghosts
  Edmund (D:4)
  2 orc warriors
  A black bear (D:6)
  An ice beast (D:8)
  3 sky beasts
  A necrophage (D:5)
  A centaur (D:5)
  2 ogres
  A bullfrog (D:7)
  3 big kobolds
  3 scorpions
  A killer bee (D:8)
  A howler monkey (D:6)
  A crimson imp (D:7)
  A quasit (D:5)
  5 orc priests
  A bullfrog skeleton (D:5)
  2 hounds (D:5)
  A jelly (D:7)
  A centaur skeleton (D:7)
  2 orc wizards
  Ijyb (D:4)
  Jessica (D:2)
  6 worker ants
  2 iguanas
  11 adders
  A howler monkey skeleton (D:4)
  4 shadow imps
  2 oozes
  5 worms
  3 dart slugs
  3 leopard geckos
  21 orcs
  5 goblins
  5 hobgoblins (D:2)
  5 jackals
  3 quokkas
  A ball python (D:3)
  5 bats
  4 frilled lizards
  12 kobolds
  2 quokka zombies (D:5)
  A rat (D:1)
  A plant (D:2)
143 creatures vanquished.

Vanquished Creatures (collateral kills)
  A troll (D:6)
  Menkaure (D:5)
  2 orc warriors
  An ice beast (D:6)
  An ogre (D:6)
  A bullfrog (D:7)
  A water moccasin skeleton (D:6)
  3 howler monkeys (D:7)
  A crimson imp (D:6)
  An orc priest (D:5)
  A hound (D:8)
  4 orc wizards
  A bullfrog skeleton (D:7)
  7 orcs
  2 kobolds (D:7)
28 creatures vanquished.

Vanquished Creatures (others)
  2 ancestors
2 creatures vanquished.

Grand Total: 173 creatures vanquished

Notes
Turn   | Place    | Note
-------+----------+-------------------------------------------
     0 | D:1      | Baz the Gnoll Wanderer began the quest for the Orb.
     0 | D:1      | Baz set off with the following items: a +2 mace, a +0 ring
                  | mail, a potion of berserk rage, a +0 dagger, a ration {!d}
     0 | D:1      | Reached XP level 1. HP: 17/17 MP: 1/1
   317 | D:1      | Reached XP level 2. HP: 23/23 MP: 2/2
   648 | D:2      | Noticed Jessica
   671 | D:1      | Reached XP level 3. HP: 16/28 MP: 3/3
   742 | D:2      | Killed Jessica
   742 | D:2      | Reached skill level 1 in Invocations
   916 | D:2      | Reached skill level 1 in Short Blades
   916 | D:2      | Reached skill level 1 in Long Blades
   916 | D:2      | Reached skill level 1 in Polearms
   916 | D:2      | Reached skill level 1 in Staves
   916 | D:2      | Reached skill level 1 in Slings
   916 | D:2      | Reached skill level 1 in Bows
   916 | D:2      | Reached skill level 1 in Crossbows
   916 | D:2      | Reached skill level 1 in Throwing
   916 | D:2      | Reached skill level 1 in Dodging
   916 | D:2      | Reached skill level 1 in Shields
   916 | D:2      | Reached skill level 1 in Unarmed Combat
   916 | D:2      | Reached skill level 1 in Spellcasting
   916 | D:2      | Reached skill level 1 in Evocations
   960 | D:2      | Reached XP level 4. HP: 30/34 MP: 5/5
  1307 | D:2      | Found a sacrificial altar of Ru.
  1310 | D:2      | Found a radiant altar of Vehumet.
  1311 | D:2      | Found an ornate altar of the Wu Jian Council.
  1434 | D:2      | Found a runed door.
  1774 | D:3      | Reached skill level 1 in Conjurations
  1774 | D:3      | Reached skill level 1 in Hexes
  1774 | D:3      | Reached skill level 1 in Charms
  1774 | D:3      | Reached skill level 1 in Summonings
  1774 | D:3      | Reached skill level 1 in Necromancy
  1774 | D:3      | Reached skill level 1 in Translocations
  1774 | D:3      | Reached skill level 1 in Transmutations
  1774 | D:3      | Reached skill level 1 in Fire Magic
  1774 | D:3      | Reached skill level 1 in Ice Magic
  1774 | D:3      | Reached skill level 1 in Air Magic
  1774 | D:3      | Reached skill level 1 in Earth Magic
  1774 | D:3      | Reached skill level 1 in Poison Magic
  1829 | D:3      | Found a runed translucent door.
  1829 | D:3      | Noticed cccccccc's ghost (amateur MiAc)
  1875 | D:3      | Found a corrupted altar of Lugonu.
  1896 | D:3      | Reached XP level 5. HP: 40/40 MP: 6/6
  2432 | D:4      | Noticed Edmund
  2465 | D:4      | Killed Edmund
  2465 | D:4      | Reached XP level 6. HP: 23/47 MP: 8/8
  2468 | D:4      | Reached skill level 5 in Axes
  2468 | D:4      | Reached skill level 5 in Maces & Flails
  2468 | D:4      | Reached skill level 5 in Stealth
  2779 | D:4      | Noticed Ijyb
  2793 | D:4      | Killed Ijyb
  2899 | D:4      | Reached XP level 7. HP: 52/52 MP: 10/10
  2908 | D:4      | Reached skill level 7 in Armour
  2972 | D:4      | Found a shadowy altar of Dithmenos.
  2972 | D:4      | Found an opulent altar of Gozag.
  2972 | D:4      | Noticed Grinder
  2995 | D:4      | Killed Grinder
  3388 | D:4      | Noticed a hungry ghost
  3397 | D:4      | Killed a hungry ghost
  3397 | D:4      | Reached XP level 8. HP: 60/60 MP: 12/12
  3423 | D:4      | Found a snail-covered altar of Cheibriados.
  3824 | D:5      | Entered Level 5 of the Dungeon
  4195 | D:5      | Found a staircase to the Ecumenical Temple.
  4212 | Temple   | Entered the Ecumenical Temple
  4243 | Temple   | Became a worshipper of Hepliaklqana the Forgotten
  4270 | D:5      | Found Seifac's Assorted Antiques.
  4845 | D:5      | Reached XP level 9. HP: 37/59 MP: 14/14
  4899 | D:5      | Found Puxzey's Antique Weapon Shop.
  5038 | D:5      | Found Agemeli's Jewellery Boutique.
  5091 | D:5      | Noticed Menkaure
  5184 | D:5      | Killed Menkaure
  5564 | D:6      | Noticed a troll
  5805 | D:6      | Got a brightly glowing turquoise ring
  5810 | D:6      | Identified the cursed ring "Pusejegh" {-Tele rF++ Stlth--}
                  | (You found it on level 6 of the Dungeon)
  5895 | D:6      | Reached skill level 5 in Fighting
  5962 | D:6      | HP: 3/61 [troll (6)]
  5963 | D:6      | Killed a troll
  5963 | D:6      | Reached skill level 8 in Armour
  6096 | D:6      | Found a glowing golden altar of the Shining One.
  6213 | D:6      | Reached * piety under Hepliaklqana
  6374 | D:7      | Reached skill level 5 in Invocations
  6525 | D:7      | Found Japidil's Armour Emporium.
  6712 | D:7      | Reached XP level 10. HP: 37/66 MP: 17/17
  6755 | D:7      | Found a runed translucent gate.
  6755 | D:7      | Found a runed translucent gate.
  6756 | D:7      | Noticed wpisznazwe's ghost (novice SDSk)
  6757 | D:7      | Found a runed translucent gate.
  6758 | D:7      | Identified the ring of Symmetry {+Fly rF+}
  6758 | D:7      | Noticed a kobold demonologist
  6758 | D:7      | Identified the +2 dagger "Syror" {chaos, rElec rC+ MR++
                  | Dex-4}
  7158 | D:7      | Reached skill level 5 in Short Blades
  7158 | D:7      | Reached skill level 5 in Long Blades
  7158 | D:7      | Reached skill level 5 in Polearms
  7158 | D:7      | Reached skill level 5 in Staves
  7158 | D:7      | Reached skill level 5 in Slings
  7158 | D:7      | Reached skill level 5 in Bows
  7158 | D:7      | Reached skill level 5 in Crossbows
  7158 | D:7      | Reached skill level 5 in Throwing
  7158 | D:7      | Reached skill level 5 in Dodging
  7158 | D:7      | Reached skill level 5 in Shields
  7158 | D:7      | Reached skill level 5 in Unarmed Combat
  7158 | D:7      | Reached skill level 5 in Spellcasting
  7158 | D:7      | Reached skill level 5 in Evocations
  7220 | D:7      | Found a burning altar of Makhleb.
  7560 | D:8      | Noticed Prince Ribbit
  7589 | D:8      | Found a glowing silver altar of Zin.
  7596 | D:8      | Noticed Harold
  7606 | D:8      | Killed from afar by Harold

Skill      XL: |  1  2  3  4  5  6  7  8  9 10 |
---------------+-------------------------------+-----
Invocations    | 1 2 3 4 5 |  5.6
Short Blades   | 1 2 3 4 5 |  5.1
Long Blades    | 1 2 3 4 5 |  5.1
Polearms       | 1 2 3 4 5 |  5.1
Staves         | 1 2 3 4 5 |  5.1
Slings         | 1 2 3 4 5 |  5.1
Bows           | 1 2 3 4 5 |  5.1
Crossbows      | 1 2 3 4 5 |  5.1
Throwing       | 1 2 3 4 5 |  5.1
Dodging        | 1 2 3 4 5 |  5.1
Shields        | 1 2 3 4 5 |  5.1
Unarmed Combat | 1 2 3 4 5 |  5.1
Spellcasting   | 1 2 3 4 5 |  5.1
Evocations     | 1 2 3 4 5 |  5.1
Conjurations   | 1 2 3 4 |  4.2
Hexes          | 1 2 3 4 |  4.2
Charms         | 1 2 3 4 |  4.2
Summonings     | 1 2 3 4 |  4.2
Necromancy     | 1 2 3 4 |  4.2
Translocations | 1 2 3 4 |  4.2
Transmutations | 1 2 3 4 |  4.2
Fire Magic     | 1 2 3 4 |  4.2
Ice Magic      | 1 2 3 4 |  4.2
Air Magic      | 1 2 3 4 |  4.2
Earth Magic    | 1 2 3 4 |  4.2
Poison Magic   | 1 2 3 4 |  4.2
Fighting       | 3 4 5 |  5.7
Axes           | 5 6 |  6.9
Maces & Flails | 5 6 |  6.9
Stealth        | 5 6 |  6.9
Armour         | 7 8 |  8.4

Action                   |  1- 3 |  4- 6 |  7- 9 | 10-12 || total
-------------------------+-------+-------+-------+-------++-------
Melee: Mace              |    59 |    51 |       |       ||   110
       Bite              |     2 |    26 |    37 |     5 ||    70
       Punch             |     1 |     3 |     7 |       ||    11
       Dagger            |       |    74 |   214 |    24 ||   312
       Flail             |       |    24 |   126 |    63 ||   213
       Unarmed           |       |     5 |       |       ||     5
Invok: Ancestor Identity |       |       |     1 |       ||     1
       Recall Ancestor   |       |       |       |     1 ||     1
Evoke: Wand              |       |     3 |     8 |       ||    11
  Use: Scroll            |       |       |     8 |     2 ||    10
 Stab: Sleeping          |     6 |     4 |    10 |     2 ||    22
       Distracted        |       |       |     2 |     1 ||     3
  Eat: Chunk             |     2 |    10 |    20 |     5 ||    37
Armor: Ring mail         |    18 |    42 |    81 |       ||   141
       Skin              |       |     2 |       |       ||     2
       Troll leather arm |       |       |    10 |    15 ||    25
Dodge: Dodged            |    23 |    63 |   191 |    56 ||   333
